 Dungeon Crawl Stone Soup version 0.29.1-15-g9cfb28693d (webtiles) character file.

Game seed: 5257755189302602756

314 Heoruswealwe the Magician (level 6, -3/32 HPs)
             Began as a Deep Elf Earth Elementalist on Apr 26, 2023.
             Slain by an ogre
             ... wielding a +0 giant club
              (25 damage)
             ... on level 4 of the Dungeon.
             The game lasted 00:46:26 (2273 turns).

Heoruswealwe the Magician (DEEE)                    Turns: 2273, Time: 00:46:26

Health: -3/32      AC:  7    Str:  5    XL:     6   Next: 19%
Magic:  20/26      EV: 12    Int: 22    God:
Gold:   131        SH:  0    Dex: 15    Spells: 4/18 levels left

rFire   . . .      SeeInvis .   b - +2 dagger (venom)
rCold   . . .      Faith    .   (no shield)
rNeg    . . .      Spirit   .   c - +0 robe
rPois   .          Reflect  .   (no helmet)
rElec   .          Harm     .   h - +1 cloak
rCorr   .          Rampage  .   f - +2 pair of gloves
Will    .....                   (no boots)
Stlth   ++........              i - amulet of the acrobat
HPRegen 0.10/turn               k - ring of magical power
MPRegen 0.20/turn               (no ring)

@: no status effects
A: deterioration 1, screaming 2, sturdy frame 1
a: no special abilities


You were on level 4 of the Dungeon.
You visited 1 branch of the dungeon, and saw 4 of its levels.

You collected 131 gold pieces.

Inventory:

Hand Weapons
 b - a +2 dagger of venom (weapon)
Armour
 c - a +0 robe (worn)
 f - a +2 pair of gloves (worn)
 h - a +1 cloak (worn)
 x - a +0 robe
 y - a +0 robe
Jewellery
 i - an amulet of the acrobat (around neck)
 k - a ring of magical power (left hand)
Scrolls
 n - a scroll of amnesia
 o - a scroll of teleportation {unknown}
 p - a scroll of noise {unknown}
 u - a scroll of butterflies {unknown}
 v - 3 scrolls of magic mapping
 w - a scroll of enchant armour {unknown}
Potions
 a - 2 potions of heal wounds {unknown}
 d - a potion of flight
 e - a potion of might
 g - a potion of brilliance {unknown}
 j - 2 potions of mutation {unknown}
 l - 3 potions of curing {unknown}
 m - a potion of haste {unknown}
 q - a potion of berserk rage {unknown}
 r - a potion of attraction {unknown}
 s - a potion of resistance {unknown}
 t - 2 potions of magic


   Skills:
 - Level 2.4 Dodging
 - Level 2.4 Stealth
 + Level 6.5 Spellcasting
 - Level 1.1 Transmutations
 + Level 5.9 Earth Magic


You had 4 spell levels left.
You knew the following spells:

 Your Spells              Type           Power      Damage    Failure   Level
a - Sandblast             Erth           66%        2d15      1%          1
b - Stone Arrow           Conj/Erth      40%        3d9       8%          3
c - Petrify               Tmut/Erth      22%        N/A       21%         4
d - Leda's Liquefaction   Hex/Erth       10%        N/A       26%         4
z - Passwall              Tmut/Erth      18%        N/A       3%          2

Your spell library contained the following spells:

 Spells                   Type           Power      Damage    Failure   Level
 Sublimation of Blood     Necr           7%         N/A       13%         2
 Call Canine Familiar     Summ           7%         N/A       26%         3
 Portal Projectile        Hex/Tloc       14%        N/A       26%         3
 Irradiate                Conj/Tmut      4%         3d13      88%         5
 Iskenderun's Battlesphe  Conj           7%         2d6       94%         5
 Iron Shot                Conj/Erth      10%        9d3       98%         6
 Spellforged Servitor     Conj/Summ      3%         N/A       100%        7


Dungeon Overview and Level Annotations

Branches:
Dungeon (4/15)
 Temple: D:4-7

Altars:
Cheibriados
Elyvilon
Fedhas
Qazlal
Ru
Wu Jian
Xom


Innate Abilities, Weirdness & Mutations

Your body sometimes deteriorates upon taking damage.
You frequently scream uncontrollably at your foes.
Your movements are slightly less encumbered by armour. (ER -2)


Message History

The blast of sand hits the hobgoblin!
You kill the hobgoblin!
The dart slug briefly extends its eye-stalks.
The dart slug launches a dart at you. The slug dart misses you.
An ice beast comes into view.
The ice beast moves out of view.
You can't see any susceptible monsters within range! (Use Z to cast anyway.)
Found 18 gold pieces.
The blast of sand hits the dart slug!
You kill the dart slug!
The blast of sand hits the ice beast but does no damage.
The blast of sand hits the ice beast.
The ice beast is lightly wounded.
The ice beast barely misses you.
The blast of sand hits the ice beast!
The ice beast is heavily wounded.
The ice beast hits you. The ice beast freezes you.
The blast of sand hits the ice beast!
The ice beast is almost dead.
The ice beast hits you but does no damage. x2
The blast of sand hits the ice beast!
You kill the ice beast!
You have reached level 6!
Okay, then.
Things that are here:
a +0 war axe; a +0 robe; the orc corpse of Blork the orc
y - a +0 robe
Found a stone staircase leading down.
You now have 131 gold pieces (gained 18).
An ogre comes into view. It is wielding a +0 giant club.
Found a stone staircase leading down.
The ogre shouts!
The blast of sand hits the ogre!
The ogre is moderately wounded.
The blast of sand hits the ogre!
The ogre is almost dead.
The ogre hits you with a +0 giant club!!
Ouch! That really hurt!
You die...

....... ##. ....... ... .......
.># ....... #..# #....... ....
#..# #....... #..
##..#####O.....####>#
#.......@...........#
####..................###
#.#........#......#.....#
####.#.......##.....##.....#
###.#................).......###
#.>......###...................#
###....#####....................
#.........##...................
##.##.....#.............#.###..


You could see an ogre.

Vanquished Creatures
  An ice beast (D:4)
  Blork the orc (D:4)
  A hound (D:4)
  4 adders
  A worm (D:3)
  4 dart slugs
  5 orcs
  2 endoplasms
  4 giant cockroaches
  5 goblins
  4 hobgoblins
  7 jackals (D:2)
  8 kobolds
  A quokka (D:4)
  8 ball pythons
  4 bats
  3 frilled lizards
  9 rats
72 creatures vanquished.

Vanquished Creatures (others)
  4 plants (D:4)
4 creatures vanquished.

Grand Total: 76 creatures vanquished

Notes
Turn   | Place    | Note
-------+----------+-------------------------------------------
     0 | D:1      | Heoruswealwe the Deep Elf Earth Elementalist began the
                  | quest for the Orb.
     0 | D:1      | Reached XP level 1. HP: 10/10 MP: 6/6
   116 | D:1      | Reached XP level 2. HP: 15/15 MP: 3/8
   119 | D:1      | Learned a level 2 spell: Passwall
   344 | D:1      | Identified a scroll of acquirement
   347 | D:1      | Acquired a book of Power
   387 | D:1      | Found a faded altar of an unknown god.
   400 | D:1      | Prayed at the altar of an unknown god.
   400 | D:1      | Became a worshipper of Xom of Chaos
   401 | D:1      | Fell from the grace of Xom
   492 | D:2      | XOM: noise
   499 | D:2      | Reached skill level 4 in Spellcasting
   543 | D:2      | Reached XP level 3. HP: 19/19 MP: 5/10
   548 | D:2      | Learned a level 3 spell: Stone Arrow
   585 | D:2      | XOM: 4-stop teleportation journey
  1036 | D:2      | XOM: give mutations
  1036 | D:2      | Gained mutation: You occasionally shout uncontrollably at
                  | your foes. [Xom's mischief]
  1036 | D:2      | Gained mutation: Your body sometimes deteriorates upon
                  | taking damage. [Xom's mischief]
  1307 | D:2      | XOM: give mutations
  1307 | D:2      | Gained mutation: Your movements are slightly less
                  | encumbered by armour. (ER -2) [Xom's mischief]
  1307 | D:2      | Gained mutation: You frequently scream uncontrollably at
                  | your foes. [Xom's mischief]
  1450 | D:3      | Reached XP level 4. HP: 24/24 MP: 12/12
  1455 | D:3      | Learned a level 4 spell: Petrify
  1525 | D:3      | Found an ornate altar of the Wu Jian Council.
  1537 | D:3      | Found a snail-covered altar of Cheibriados.
  1538 | D:3      | Found a stormy altar of Qazlal.
  1540 | D:3      | Found a sacrificial altar of Ru.
  1541 | D:3      | Found a white marble altar of Elyvilon.
  2006 | D:4      | Reached skill level 5 in Spellcasting
  2055 | D:4      | Reached skill level 5 in Earth Magic
  2055 | D:4      | Reached XP level 5. HP: 17/28 MP: 14/14
  2060 | D:4      | Learned a level 4 spell: Leda's Liquefaction
  2177 | D:4      | Found a blossoming altar of Fedhas.
  2228 | D:4      | Noticed Blork the orc
  2234 | D:4      | Killed Blork the orc
  2235 | D:4      | Reached skill level 6 in Spellcasting
  2236 | D:4      | Noticed an ice beast
  2243 | D:4      | Killed an ice beast
  2244 | D:4      | Reached XP level 6. HP: 19/32 MP: 16/17
  2273 | D:4      | Slain by an ogre

Illustrated notes

Levels and vault maps discovered:
D:1:      dpeg_arrival_houses_and_road, layout_rooms,
          ebering_ecumenical_altar_sacrificial, minmay_quantized
D:2:      layout_basic
D:3:      layout_basic, minitemple
D:4:      kennysheep_big_flooded_room, layout_cave_pools, fedhas_altar_1,
          minmay_misc_feat_five, hangedman_decor_riveting, uniq_blork_the_orc

Skill      XL: |  1  2  3  4  5 |
---------------+----------------+-----
Spellcasting   | 4 5 6 |  6.5
Earth Magic    | 4 5 |  5.9
Dodging        | |  2.4
Stealth        | |  2.4
Transmutations | |  1.1

Action                   |  1- 3 |  4- 6 || total
-------------------------+-------+-------++-------
Melee: Dagger            |       |    16 ||    16
 Cast: Sandblast         |    57 |    38 ||    95
       Passwall          |     1 |     2 ||     3
Invok: Renounce Religion |     1 |       ||     1
  Use: Scroll            |     8 |       ||     8
Armor: Robe              |     4 |     4 ||     8
Dodge: Dodged            |     5 |     6 ||    11
